 Dungeon Crawl Stone Soup version 0.30.1-9-gdf580d7c3d (webtiles) character file.

Game seed: 7368098203680424734

106 Ivernyr the Twirler (level 4, -1/23 HPs)
             Began as a Vine Stalker Gladiator on Sept 26, 2023.
             Slain by a gnoll
             ... wielding a +0 halberd
              (11 damage)
             ... on level 2 of the Dungeon.
             The game lasted 00:02:21 (1643 turns).

Ivernyr the Twirler (Vine Stalker Gladiator)        Turns: 1643, Time: 00:02:21

Health: -1/23      AC:  4    Str: 19    XL:     4   Next: 84%
Magic:  0/5        EV: 12    Int:  8    God:
Gold:   62         SH:  0    Dex: 15    Spells: 3/3 levels left

rFire   . . .        a - +0 quarterstaff
rCold   . . .        (shield currently unavailable)
rNeg    . . .        b - +0 leather armour
rPois   .            c - +0 helmet
rElec   .            (no cloak)
rCorr   .            (no gloves)
SInv    .            (no boots)
Will    .....        (no amulet)
Stlth   +            (no ring)
HPRegen 1.03/turn    (no ring)
MPRegen 0.09/turn

%: guardian spirit
@: no status effects
A: fangs 2, regeneration 1, magic shield, antimagic bite, no potion heal 2
a: no special abilities


You were on level 2 of the Dungeon.
You visited 1 branch of the dungeon, and saw 2 of its levels.

You collected 62 gold pieces.

Inventory:

Hand Weapons
 a - a +0 quarterstaff (weapon)
Missiles
 d - 3 throwing nets (quivered)
 e - a javelin
Armour
 b - a +0 leather armour (worn)
 c - a +0 helmet (worn)
Jewellery
 i - the amulet "Qiseg" {Reflect Regen+ SH+5}
   (You found it on level 2 of the Dungeon)

   [amulet of reflection]

   It reflects blocked missile attacks.
   Regen:     It increases your rate of health regeneration.
   SH:        It affects your SH (+5).
Scrolls
 f - a scroll of enchant weapon {unknown}
 h - 2 scrolls of identify {unknown}
 j - a scroll of fear {unknown}
Potions
 g - a potion of berserk rage {unknown}
 k - a potion of haste {unknown}
 l - a potion of resistance {unknown}


   Skills:
 + Level 2.5 Fighting
 * Level 3.7 Staves
 - Level 1.7 Throwing
 + Level 1.3 Armour
 + Level 2.9 Dodging


You had 3 spell levels left.
You didn't know any spells.
Your spell library was empty.

Dungeon Overview and Level Annotations

Branches:
Dungeon (2/15)

Altars:


Innate Abilities, Weirdness & Mutations

You have extremely sharp teeth.
Your natural rate of healing is unusually fast.
When hurt, damage is shared between your health and your magic reserves.
Your bite disrupts and absorbs the magic of your enemies.
Potions cannot restore your health.


Message History

The gnoll barely misses you.
You hit the gnoll but do no damage. Your bite misses the gnoll.
The gnoll is severely wounded.
The gnoll closely misses you.
You thump the gnoll!
You kill the gnoll!
You sock the gnoll!
The gnoll is heavily wounded.
The gnoll hits you with a +0 club.
You completely miss the gnoll.
The gnoll is heavily wounded.
The gnoll barely misses you.
You closely miss the gnoll. You bite the gnoll. You drain its power.
You feel invigorated.
The gnoll is severely wounded.
The gnoll closely misses you.
You barely miss the gnoll.
The gnoll is severely wounded.
The gnoll barely misses you. The gnoll closely misses you.
You hit the gnoll.
The gnoll is almost dead.
The gnoll hits you with a +0 club.
You closely miss the gnoll. You bite the gnoll, but do no damage.
The gnoll is almost dead.
The gnoll hits you with a +0 club.
You sock the gnoll!
You kill the gnoll!
The gnoll shouts!
Things that are here:
a +0 club; a +0 spear; a gnoll corpse
Things that are here:
a +0 club; a +0 spear; a gnoll corpse The gnoll hits you with a +0 halberd!
You hit the gnoll.
The gnoll is lightly wounded.
The gnoll hits you with a +0 halberd!
You hit the gnoll.
The gnoll is moderately wounded.
The gnoll hits you with a +0 halberd!
You die...

...##.......#.# #.....#
#..## ...##......>#
###.....# ##..#
...######.#.# .......# ##.#
...#......#.# ####.....#
#.# ...#.######.#
#........# #.###
...#.#....#.# #....#.......
#...# ...#.#.##.#.#
#....#....... ###..
.###.#....#.#
#.g..#.............
..........#.#
#.@..#.......######
.###.####.#.###....########
.# #.# #.#...).....# .# #.#
#.########### .# #.#
#.#.....# ####.# #.#.###.#
...#.# #.#.# #.# ##.#.#
#.#.# #.# .#.#.# #.#.# #.#


You could see a gnoll.

Vanquished Creatures
  A scorpion (D:2)
  2 gnolls (D:2)
  3 endoplasms
  4 goblins
  3 hobgoblins
  A kobold (D:2)
  3 quokkas (D:1)
  3 bats
  A frilled lizard (D:1)
  3 rats (D:1)
24 creatures vanquished.

Notes
Turn   | Place    | Note
-------+----------+-------------------------------------------
     0 | D:1      | Ivernyr the Vine Stalker Gladiator began the quest for the
                  | Orb.
     0 | D:1      | Reached XP level 1. HP: 11/11 MP: 2/2
   205 | D:1      | Reached XP level 2. HP: 15/15 MP: 3/3
   343 | D:1      | Reached skill level 3 in Staves
  1064 | D:2      | Identified the amulet "Qiseg" {Reflect Regen+ SH+5}
  1109 | D:2      | Noticed a scorpion
  1117 | D:2      | Killed a scorpion
  1118 | D:2      | Reached skill level 1 in Armour
  1118 | D:2      | Reached XP level 3. HP: 8/19 MP: 4/4
  1118 | D:2      | Gained mutation: Your natural rate of healing is unusually
                  | fast. [Vine Stalker growth]
  1118 | D:2      | Reached XP level 4. HP: 10/23 MP: 5/5
  1643 | D:2      | Slain by a gnoll

Illustrated notes

Levels and vault maps discovered:
D:1:      lemuel_arrival_lava_pool, layout_basic, nicolae_titane
D:2:      layout_basic

Skill      XL: |  1  2 |
---------------+-------+-----
Fighting       | 2 |  2.5
Staves         | 3 |  3.7
Armour         | 1 |  1.3
Throwing       | |  1.7
Dodging        | |  2.9

Action                     |  1- 3 |  4- 6 || total
---------------------------+-------+-------++-------
  Melee: Quarterstaff      |    48 |    23 ||    71
         Bite              |    10 |     3 ||    13
   Stab: Sleeping          |     1 |       ||     1
 Armour: Leather armour    |    11 |     1 ||    12
  Dodge: Dodged            |    29 |    13 ||    42
